AoeStats
← Bluechecker

Arabia

510817315Analyzed
1v1 RM · 12h ago on Oct 2, 2026· 39m 17s· 2 players
Game mode
Random Map
Map size
Tiny (2 player)
Population
200
Speed
Normal
Resources
Standard
Victory
Conquest
Starting age
Dark Age
Ending age
Imperial Age
RankedLock teamsTeams togetherTeam positionsShared explorationLock speedFull tech treeHidden civsTurbo modeCheats
Victory
Defeat
🇳🇿 Romans · New Zealand
776
+16
🇮🇳 Lithuanians · India
770
-16
catchchez
2:33 Loom
11:34 Feudal Age
11:36 Man-at-Arms
13:43 Double-Bit Axe
14:25 Fletching
26:29 Castle Age
26:44 Crossbowman
31:16 Bodkin Arrow
Bluechecker
6:46 Loom
10:58 Feudal Age
11:26 Man-at-Arms
13:24 Horse Collar
15:03 Double-Bit Axe
16:50 Scale Mail Armor
17:52 Fletching
28:14 Castle Age
28:57 Bodkin Arrow
28:39 Long Swordsman
30:44 Squires
Connection lost

Rejoining the realm…

Still unreachable

The connection could not be restored.

Session expired

The server has moved on; the page needs a fresh start.